 Dungeon Crawl Stone Soup version 0.31-a0-841-g038b102fc3 (webtiles) character file.

Game seed: 10924247655089939252

3199 Dittersdorf the Blocker (level 9, -1/59 HPs)
             Began as a Gargoyle Fighter on Sept 27, 2023.
             Was a Priest of Okawaru.
             Slain by a komodo dragon (19 damage)
             ... on level 7 of the Dungeon.
             The game lasted 00:11:00 (7194 turns).

Dittersdorf the Blocker (Gargoyle Fighter)          Turns: 7194, Time: 00:11:01

Health: -1/59      AC: 20    Str: 24    XL:     9   Next: 96%
Magic:  7/9        EV: 17    Int:  9    God:    Okawaru [***...]
Gold:   307        SH: 12    Dex: 15    Spells: 8/8 levels left

rFire   . . .        w - +3 morningstar
rCold   + . .        c - +0 buckler
rNeg    + . .        n - +0 scale mail {rC+}
rPois   ∞            m - +0 helmet
rElec   +            x - +0 cloak
rCorr   .            (no gloves)
SInv    .            j - +0 pair of boots
Will    .....        q - amulet of reflection
Stlth   ++           o - +6 ring of dexterity
HPRegen 0.29/turn    u - +5 ring of evasion
MPRegen 0.11/turn

%: reflection
@: heroic
A: sickness immunity, AC +6, negative energy resistance 1, electricity
resistance, torment resistance 1, petrification resistance
a: Renounce Religion, Heroism


You were on level 7 of the Dungeon.
You worshipped Okawaru.
Okawaru was most pleased with you.
You visited 1 branch of the dungeon, and saw 8 of its levels.

You collected 307 gold pieces.

Inventory:

Hand Weapons
 w - a +3 morningstar (weapon)
Missiles
 b - 4 poisoned darts (quivered)
Armour
 c - a +0 buckler (worn)
 h - a +0 plate armour
 j - a +0 pair of boots (worn)
 m - a +0 helmet (worn)
 n - a +0 scale mail of cold resistance (worn)
 x - a +0 cloak (worn)
Jewellery
 o - a +6 ring of dexterity (left hand)
 q - an amulet of reflection (around neck)
 t - a ring of ice
 u - a +5 ring of evasion (right hand)
Scrolls
 f - 2 scrolls of blinking
 r - a scroll of teleportation
Potions
 a - a potion of haste {unknown}
 d - a potion of might
 e - a potion of heal wounds
 g - 2 potions of degeneration {unknown}
 i - 2 potions of curing
 k - 2 potions of brilliance
 l - 4 potions of enlightenment
 p - a potion of ambrosia {unknown}
 s - 2 potions of mutation
 v - a potion of attraction {unknown}


   Skills:
 + Level 8.1(13.1) Fighting
 + Level 7.1(12.1) Maces & Flails
 + Level 8.2(13.2) Armour
 + Level 8.2(13.2) Shields


You had 8 spell levels left.
You didn't know any spells.
Your spell library contained the following spells:

 Spells                   Type           Power      Damage    Failure   Level
 Blink                    Tloc           0%         N/A       78%         2
 Ensorcelled Hibernation  Hex/Ice        0%         N/A       78%         2
 Jinxbite                 Hex            0%         N/A       78%         2
 Anguish                  Hex/Necr       0%         N/A       100%        4
 Manifold Assault         Tloc           0%         N/A       100%        4


Dungeon Overview and Level Annotations

Branches:
Dungeon (8/15)             Temple (0/1) D:5
   Lair: D:8-11

Altars:
Cheibriados
Dithmenos
Hepliaklqana
Kikubaaqudgha
Nemelex Xobeh
Okawaru
Ru
Wu Jian

Shops:
D:4 ((((

Annotations:
D:7 2 runed translucent doors, Kurtz's ghost, novice OpFi


Innate Abilities, Weirdness & Mutations

You are immune to sickness and miasma.
Your stone body is resilient. (AC +6)
You are immune to poison.
You resist negative energy. (rN+)
You are resistant to electric shocks. (rElec)
You are resistant to unholy torment.
You are immune to petrification.


Message History

The komodo dragon bites you but does no damage.
You hit the komodo dragon but do no damage.
The komodo dragon is lightly wounded.
The komodo dragon bites you!!
* * * LOW HITPOINT WARNING * * *
You are too injured to fight recklessly!
You are too injured to fight recklessly!
You are too injured to fight recklessly!
You are too injured to fight recklessly!
You are too injured to fight recklessly!
You are too injured to fight recklessly!
You are too injured to fight recklessly!
You are too injured to fight recklessly!
You are too injured to fight recklessly!
You are too injured to fight recklessly!
You are too injured to fight recklessly!
You are too injured to fight recklessly!
You are too injured to fight recklessly!
You are too injured to fight recklessly!
You are too injured to fight recklessly!
Throw: 6 darts (poison)
Press: ? - help, Q - select action, (/) - cycle Shift-Dir - straight line, f - komodo dragon
Aim: a komodo dragon (lightly wounded, 68% to hit)
You throw a poisoned dart.
The poisoned dart hits the komodo dragon.
The komodo dragon is poisoned.
The komodo dragon is lightly wounded.
The komodo dragon misses you.
Throw: 5 darts (poison)
Press: ? - help, Q - select action, (/) - cycle Shift-Dir - straight line, f/p - komodo dragon
Aim: a komodo dragon (lightly wounded, poisoned, 68% to hit)
You throw a poisoned dart.
The poisoned dart barely misses the komodo dragon.
The komodo dragon bites you but does no damage.
You gain the combat prowess of a mighty hero.
The komodo dragon barely misses you.
You barely miss the komodo dragon.
The komodo dragon is lightly wounded.
The komodo dragon bites you!!
You die...

#......#....### ##########..##.
#+###.##......#####..##..##...##.
#..##.#####....#.##..##...#....#.
..........#....#..........'....#.
..........#....#..........#....#.
..........'....#..........#....'.
##...###.##....#'######..##...##.
.#...###.###'#....#..##..###'###.
.'.>.........#.†@.#...........#..
.#...........#..†l+...........#..
.##'#######+##....#..###'#######.
.#...##...........#..#......^..#.
.#....+...........#..#.........#.
.#....#...........#..#.........##
.#................##+#.........#
.#...#########.........######..#
.#....# #....>....#.......#


You could see a komodo dragon (poisoned).

Vanquished Creatures
  A wraith (D:5)
  A yak (D:7)
  A water moccasin (D:7)
  3 black bears
  2 sky beasts
  2 centaurs (D:7)
  2 ogres (D:5)
  2 phantoms
  A kobold brigand (D:7)
  A gnoll sergeant (D:7)
  A bullfrog (D:7)
  3 scorpions
  8 wights
  A howler monkey (D:6)
  5 hounds
  5 jellies
  A quasit (D:4)
  Crazy Yiuf (D:7)
  A gnoll bouda (D:7)
  2 orc priests
  Jessica (D:3)
  A sleepcap (D:7)
  3 iguanas
  5 orc wizards
  A mummy (D:6)
  11 gnolls
  6 adders
  3 shadow imps
  3 white imps
  An ufetubus (D:4)
  2 worms (D:2)
  A dart slug (D:2)
  38 orcs
  6 endoplasms
  4 giant cockroaches
  A goblin (D:1)
  8 hobgoblins
  3 jackals (D:3)
  4 quokkas
  6 ball pythons
  4 bats
  A frilled lizard (D:1)
  9 kobolds
  A kobold zombie (D:6)
  3 orc zombies (D:6)
  4 rats
174 creatures vanquished.

Notes
Turn   | Place    | Note
-------+----------+-------------------------------------------
     0 | D:1      | Dittersdorf the Gargoyle Fighter began the quest for the
                  | Orb.
     0 | D:1      | Reached XP level 1. HP: 14/14 MP: 1/1
   150 | D:1      | Found a faded altar of an unknown god.
   363 | D:1      | Reached XP level 2. HP: 19/19 MP: 2/2
  1187 | D:2      | Reached XP level 3. HP: 23/23 MP: 3/3
  1441 | D:2      | Reached XP level 4. HP: 23/29 MP: 4/4
  1845 | D:3      | Reached XP level 5. HP: 19/33 MP: 5/5
  2089 | D:3      | Noticed Jessica
  2101 | D:3      | Killed Jessica
  2312 | D:3      | Found a sacrificial altar of Ru.
  2312 | D:3      | Found a snail-covered altar of Cheibriados.
  2320 | D:3      | Found a sparkling altar of Nemelex Xobeh.
  2328 | D:3      | Found a shadowy altar of Dithmenos.
  2331 | D:3      | Found an iron altar of Okawaru.
  2336 | D:3      | Became a worshipper of Warmaster Okawaru
  2389 | D:3      | Found an ancient bone altar of Kikubaaqudgha.
  2501 | D:3      | Reached XP level 6. HP: 39/39 MP: 6/6
  3138 | D:4      | Reached skill level 5 in Fighting
  3138 | D:4      | Reached skill level 5 in Armour
  3138 | D:4      | Reached skill level 5 in Shields
  3189 | D:4      | Reached XP level 7. HP: 42/44 MP: 7/7
  3329 | D:4      | Reached * piety under Okawaru
  3507 | D:4      | Found Lemaot's Antique Weapon Shop.
  3508 | D:4      | Found Azois's Antique Weapon Shop.
  3511 | D:4      | Found Visoewo's Weapon Shop.
  3512 | D:4      | Found Wauvvaew's Antique Weapon Shop.
  3739 | D:5      | Entered Level 5 of the Dungeon
  4086 | D:5      | Reached XP level 8. HP: 33/51 MP: 5/8
  4342 | D:5      | Found a hazy altar of Hepliaklqana.
  4378 | D:5      | Found a staircase to the Ecumenical Temple.
  4442 | D:5      | Reached skill level 5 in Maces & Flails
  4496 | D:5      | Noticed a wraith
  4511 | D:5      | Killed a wraith
  4723 | D:5      | Reached ** piety under Okawaru
  5052 | D:6      | Identified the +5 dagger "Gitocaiw" {antimagic, rElec rF+
                  | Str-5}
  5122 | D:6      | Reached XP level 9. HP: 47/56 MP: 9/9
  5242 | D:6      | Found an ornate altar of the Wu Jian Council.
  5739 | D:6      | Reached *** piety under Okawaru
  6336 | D:7      | Found a runed translucent door.
  6337 | D:7      | Noticed Crazy Yiuf
  6427 | D:7      | Found a large runed translucent door.
  6427 | D:7      | Found a large runed translucent door.
  6429 | D:7      | Noticed Kurtz's ghost (novice OpFi)
  6979 | D:7      | Killed Crazy Yiuf
  7093 | D:8      | Noticed a komodo dragon
  7194 | D:7      | Slain by a komodo dragon

Illustrated notes

Levels and vault maps discovered:
D:1:      scummos_arrival_hexagon, layout_loops_ring,
          chequers_ecumenical_altar_simple_redux
D:2:      layout_basic, nrook_loot_triangle
D:3:      layout_loops_cross, lemuel_round_altar,
          chequers_temple_overflow_minitemple, uniq_jessica
D:4:      cheibrodos_helix_gallery, layout_rooms, serial_demonic,
          serial_demonic_c, serial_demonic_f, serial_demonic_b,
          serial_demonic_f, minmay_shop_grid_forest,
          chequers_serial_rivers_micro_a
D:5:      layout_basic, mainiacjoe_overflow_chevrons,
          minmay_temple_entry_stoned_glass
D:6:      layout_rooms, nzn_wu_jian_contemplation, minmay_mini_ossuary
D:7:      layout_gridville, ebering_ghost_disaster_area, minivault_25,
          uniq_crazy_yiuf_cottage
D:8:      layout_rooms, due_lair_maze_entry_diamond,
          gammafunk_ghost_wrathful_warriors

Skill      XL: |  1  2  3  4  5  6  7  8  9 |
---------------+----------------------------+-----
Fighting       | 4 5 6 8 |  8.1
Armour         | 4 5 6 8 |  8.2
Shields        | 4 5 6 8 |  8.2
Maces & Flails | 3 4 5 7 |  7.1

Action                     |  1- 3 |  4- 6 |  7- 9 || total
---------------------------+-------+-------+-------++-------
  Melee: Flail             |   129 |   192 |   326 ||   647
         Morningstar       |       |       |    41 ||    41
  Throw: Dart              |       |       |     5 ||     5
 Invoke: Heroism           |       |       |     4 ||     4
    Use: Scroll            |       |       |    16 ||    16
 Armour: Scale mail        |    74 |    67 |    92 ||   233
         Chain mail        |       |   122 |   133 ||   255
  Dodge: Dodged            |    68 |   102 |   223 ||   393
  Block: Buckler           |    32 |    50 |   135 ||   217
         Reflection        |       |       |     3 ||     3

Table legend: (Time is in decaauts)
 A = Elapsed time spent in this place.
 B = Non-inter-level travel time spent in this place.
 C = Inter-level travel time spent in this place.
 D = Time resting spent in this place.
 E = Time spent auto-exploring this place.
 F = Levels seen in this place.
 G = Mean time per level.
                   A        B        C        D        E       F      G
               +--------+--------+--------+--------+--------+-----+--------+
         Total |   7360 |   6783 |    577 |    977 |   4219 |   8 |  920.0 |
       Dungeon |   7360 |   6783 |    577 |    977 |   4219 |   8 |  920.0 |
               +--------+--------+--------+--------+--------+-----+--------+

Top non-repeatable levels by time:
     D:7: 1318 daAuts
     D:3: 1313 daAuts
     D:5: 1287 daAuts
     D:2: 959 daAuts
     D:4: 873 daAuts
     D:6: 831 daAuts
     D:1: 767 daAuts
     D:8: 8 daAuts
